 Dungeon Crawl Stone Soup version 0.19.4-10-g532645f (webtiles) character file.

89 loralnil the Shield-Bearer (level 4, 0/60 HPs)
             Began as a Minotaur Fighter on Feb 23, 2017.
             Slain by an orc wizard
             ... wielding a +1 dagger of venom
              (1 damage)
             ... on level 3 of the Dungeon.
             The game lasted 00:02:58 (1288 turns).

loralnil the Shield-Bearer (Minotaur Fighter)       Turns: 1288, Time: 00:02:59

Health: 0/60       AC: 22    Str: 21    XL:     4   Next: 31%
Magic:  3/3        EV:  2    Int: 10    God:
Gold:   93         SH:  9    Dex: 10    Spells: 0 memorised, 3 levels left

rFire  . . .     SeeInvis .     a - +0 long sword
rCold  . . .     Gourm    .     (armour currently unavailable)
rNeg   + + +     Faith    .     c - +0 shield
rPois  +         Spirit   .     (helmet currently unavailable)
rElec  .         Reflect  .     (cloak currently unavailable)
rCorr  .         Harm     .     (gloves currently unavailable)
MR     .....     NoTele   +     (boots currently unavailable)
Stlth  +.........               (no amulet)
                                (no ring)
                                (no ring)

@: brilliant, lethally poisoned (0 -> -61), tree-form
A: (retaliatory headbutt), (horns 0), (large bone plates 0)
a: no special abilities


You were on level 3 of the Dungeon.
You were not hungry.
You were a tree.
You visited 1 branch of the dungeon, and saw 3 of its levels.

You collected 93 gold pieces.

Inventory:

Hand Weapons
 a - a +0 long sword (weapon)
Armour
 c - a +0 shield (worn)
 s - a +0 chain mail (melded)
Scrolls
 g - a scroll of remove curse
 i - a scroll of noise {unknown}
 m - a scroll of blinking {unknown}
 r - a scroll of recharging {unknown}
Potions
 d - a potion of might
 e - a potion of haste
 l - a potion of flight
Comestibles
 f - 2 bread rations
 h - a beef jerky
 j - 4 fruits
 k - a meat ration


   Skills:
 + Level 4.3 Fighting
 + Level 3.1 Long Blades
 + Level 4.3 Armour
 + Level 0.4 Dodging
 + Level 4.7 Shields


You had 3 spell levels left.
You didn't know any spells.

Dungeon Overview and Level Annotations

Branches:
Dungeon (3/15)

Altars:


Innate Abilities, Weirdness & Mutations

((You reflexively headbutt those who attack you in melee.))
((You have a pair of horns on your head.))
((You are partially covered in large bone plates. (SH +4)))


Message History

You swing at nothing.
* * * LOW HITPOINT WARNING * * *
You feel extremely sick. Something hits you but does no damage.
You are more poisoned.
Something hits you but does no damage.
You are more poisoned.
The orc wizard gestures wildly while chanting.
The orc wizard blinks!
Something hits you but does no damage.
You are more poisoned.
You miss something.
* * * LOW HITPOINT WARNING * * *
You feel extremely sick.
Something hits you but does no damage. x2
You swing at nothing.
You feel less invigorated.
You feel less confused.
* * * LOW HITPOINT WARNING * * *
You feel very sick. Something hits you.
You die...

#.# #.# #.#
#.# #.# #.#
#### #.#
≈≈≈≈≈
#.####......
#.♣{ZZo.....
######......
≈≈≈≈≈ ####


You could see an orc wizard and 2 rat zombies.

Vanquished Creatures
  Jessica (D:2)
  Terence (D:3)
  A dart slug (D:1)
  An orc (D:3)
  2 ball pythons (D:1)
  2 bat zombies (D:3)
  3 giant cockroaches
  A goblin (D:1)
  3 hobgoblins
  7 kobolds
  A quokka (D:3)
  7 bats
  4 rats (D:2)
  2 rat zombies (D:3)
36 creatures vanquished.

Notes
Turn   | Place    | Note
-------+----------+-------------------------------------------
     0 | D:1      | loralnil the Minotaur Fighter began the quest for the Orb.
     0 | D:1      | Reached XP level 1. HP: 19/19 MP: 0/0
   146 | D:1      | Reached XP level 2. HP: 27/27 MP: 1/1
   679 | D:2      | Noticed Jessica
   686 | D:2      | Killed Jessica
   686 | D:2      | Reached XP level 3. HP: 33/33 MP: 2/2
  1211 | D:3      | Noticed Terence
  1221 | D:3      | Killed Terence
  1221 | D:3      | Reached XP level 4. HP: 32/40 MP: 3/3
  1283 | D:3      | Gained mutation: You are partially covered in large bone plates. (SH +4) [potion of beneficial mutation]
  1287 | D:3      | HP: 3/60 [poisoned by an orc wizard]
  1288 | D:3      | HP: 1/60 [poisoned by an orc wizard]
  1288 | D:3      | Slain by an orc wizard

Skill      XL: |  1  2  3 |
---------------+----------+-----
Shields        | 4 |  4.7
Fighting       | 4 |  4.3
Armour         | 4 |  4.3
Long Blades    | 3 |  3.1
Dodging        | |  0.4

Action                   |  1- 3 |  4- 6 || total
-------------------------+-------+-------++-------
Melee: Long sword        |    67 |    23 ||    90
       Headbutt          |    11 |     6 ||    17
  Use: Scroll            |     3 |       ||     3
       Potion            |       |     4 ||     4
  Eat: Chunk             |     1 |       ||     1
Armor: Scale mail        |    37 |       ||    37
       Chain mail        |       |    17 ||    17
       Skin              |       |     4 ||     4
Dodge: Dodged            |    29 |     4 ||    33
Block: Shield            |    42 |    12 ||    54
       Rpst.: Long sword |     8 |       ||     8
